 Dungeon Crawl Stone Soup version 0.22.1-1-ga44c0e5 (webtiles) character file.

95 topirishpotato the Sneak (level 4, 0/21 HPs)
             Began as a Spriggan Enchanter on Sept 25, 2018.
             Succumbed to an adder's poison
             ... on level 3 of the Dungeon.
             The game lasted 00:11:44 (2196 turns).

topirishpotato the Sneak (Spriggan Enchanter)       Turns: 2196, Time: 00:11:45

Health: 0/21       AC:  2    Str:  4      XL:     4   Next: 40%
Magic:  3/9        EV: 16    Int: 19 (21) God:
Gold:   260        SH:  0    Dex: 15 (17) Spells: 0/9 levels left

rFire    . . .     SeeInvis +   a - +1 dagger
rCold    . . .     Gourm    .   (shield restricted)
rNeg     . . .     Faith    .   b - +0 robe
rPois    .         Spirit   +   (helmet restricted)
rElec    .         Reflect  .   (no cloak)
rCorr    .         Harm     .   (gloves unavailable)
MR       .....                  (boots unavailable)
Stlth    +++.......             q - amulet of guardian spirit
HPRegen  0.07/turn              (no ring)
MPRegen  0.11/turn              (no ring)

@: brilliant, lethally poisoned (0 -> -6), heavily drained, very quick
A: very small, unfitting armour, see invisible, herbivore, speed 3, slow
metabolism 2
a: no special abilities


You were on level 3 of the Dungeon.
You were hungry.

You visited 1 branch of the dungeon, and saw 3 of its levels.

You collected 260 gold pieces.

Inventory:

Hand Weapons
 a - a +1 dagger (weapon)
 i - a +0 short sword of flaming
Missiles
 e - 5 needles of confusion
 h - 140 stones (quivered)
Armour
 b - a +0 robe (worn)
Jewellery
 l - an uncursed amulet of harm
 m - an uncursed amulet of inaccuracy
 q - an amulet of guardian spirit (around neck)
Scrolls
 k - a scroll of teleportation
 o - a scroll of magic mapping {unknown}
Potions
 f - a potion of agility
Comestibles
 d - 8 rations


   Skills:
 - Level 2.0(0.5) Short Blades
 - Level 3.0(1.4) Dodging
 + Level 6.9(5.1) Stealth
 + Level 3.0(1.5) Spellcasting
 - Level 4.0(2.4) Hexes
 + Level 0.3(0.0) Ice Magic


You couldn't memorise any spells.
You knew the following spells:

 Your Spells              Type           Power        Failure   Level  Hunger
a - Corona                Hex            ###....      1%          1    ##.....
s - Tukima's Dance        Hex            ###.....     2%          3    ####...
x - Confuse               Hex            ###.....     2%          3    ####...
z - Ensorcelled Hibernat  Hex/Ice        ###...       1%          2    ###....

Your spell library contained the following spells:

 Spells                   Type           Power        Failure   Level  Hunger
 Dazzling Spray           Conj/Hex       ###...       4%          3    ####...


Dungeon Overview and Level Annotations

Branches:
Dungeon (3/15)

Altars:


Innate Abilities, Weirdness & Mutations

You are very small and have problems with some larger weapons.
You are too small for most types of armour.
You have supernaturally acute eyesight. (SInv)
You are a herbivore.
You cover ground extremely quickly.
You need to consume almost no food.


Message History

Your magical effects are unravelling.
You feel magically purged.
Your magical contamination has completely faded away.
You feel yourself slow down.
* * * LOW HITPOINT WARNING * * *
You feel sick.
It was a potion of brilliance.
You feel clever all of a sudden.
* * * LOW HITPOINT WARNING * * *
You feel sick.
You see here an adder corpse.
* * * LOW HITPOINT WARNING * * *
You feel sick.
* * * LOW HITPOINT WARNING * * *
You feel sick.
* * * LOW HITPOINT WARNING * * *
You feel sick.
* * * LOW HITPOINT WARNING * * *
You feel sick.
You die...

#...#.# # +...†.#
#...#######+####
#...............
#...............
#...............
####............
##############.........
.......@...............
#...##########.........
# #......... #.........
#......... ##########


There were no monsters in sight!

Vanquished Creatures
  3 adders
  A gnoll (D:2)
  An ooze (D:2)
  2 dart slugs (D:1)
  3 leopard geckos
  5 giant cockroaches
  6 goblins
  7 hobgoblins
  7 bats
  3 frilled lizards
  7 kobolds
  A rat (D:1)
  A fungus (D:1)
47 creatures vanquished.

Notes
Turn   | Place    | Note
-------+----------+-------------------------------------------
     0 | D:1      | topirishpotato the Spriggan Enchanter began the quest for
                  | the Orb.
     0 | D:1      | Reached XP level 1. HP: 9/9 MP: 5/5
    82 | D:1      | Reached XP level 2. HP: 13/13 MP: 6/6
   119 | D:1      | Reached skill level 5 in Stealth
   130 | D:1      | Learned a level 2 spell: Ensorcelled Hibernation
   601 | D:1      | Reached XP level 3. HP: 10/16 MP: 8/8
   790 | D:2      | Found a faded altar of an unknown god.
   893 | D:2      | Reached skill level 6 in Stealth
  1810 | D:2      | Reached XP level 4. HP: 21/21 MP: 5/9
  1844 | D:2      | Learned a level 3 spell: Confuse
  1848 | D:2      | Learned a level 3 spell: Tukima's Dance
  2192 | D:3      | HP: 1/21 [poisoned by an adder]
  2196 | D:3      | Succumbed to an adder's poison

Skill      XL: |  1  2  3 |
---------------+----------+-----
Hexes          | 4 |  4.0
Stealth        | 5 6 |  6.9
Spellcasting   | 3 |  3.0
Short Blades   | 2 |  2.0
Dodging        | |  3.0
Ice Magic      | |  0.3

Action                   |  1- 3 |  4- 6 || total
-------------------------+-------+-------++-------
Melee: Dagger            |   221 |    36 ||   257
Throw: Stone             |     8 |       ||     8
 Cast: Ensorcelled Hiber |    10 |     1 ||    11
  Use: Potion            |     2 |     3 ||     5
       Scroll            |       |     5 ||     5
 Stab: Sleeping          |    15 |       ||    15
       Distracted        |       |     1 ||     1
Armor: Robe              |     8 |       ||     8
Dodge: Dodged            |   168 |    30 ||   198
